[Event "Titled Tuesday Blitz August 09 Late 2022"]
[White "Vasquez Schroeder, Rodrigo"]
[Black "Hafiz, Arif Abdul"]
[WhiteFideId "3400042"]
[BlackFideId "7104227"]
[WhiteElo "2567"]
[BlackElo "2198"]
[Result "1/2-1/2"]
[Round "04"]
[TimeControl "180+1"]
[Date "2022.08.09"]
[WhiteClock "0:00:04"]
[BlackClock "0:00:04"]

1. e4 e5 2. Nf3 Nc6 3. Bb5 Nf6 4. d3 Bc5 5. Bxc6 dxc6 6. h3 Be6 7. Be3 Bxe3 8. fxe3 Nd7 9. O-O O-O 10. Nc3 Qe7 11. Qe1 f6 12. a3 Rad8 13. Qg3 c5 14. b3 c6 15. a4 a5 16. Rf2 Nb8 17. Raf1 Na6 18. Nh4 Nc7 19. Nf5 Bxf5 20. exf5 Ne8 21. Ne4 b6 22. Nd2 Nd6 23. e4 b5 24. Ra1 Qc7 25. Qe3 Qb6 26. Rff1 Nf7 27. Ra2 Ra8 28. Rfa1 Rfb8 29. axb5 cxb5 30. b4 cxb4 31. Qxb6 Rxb6 32. Rxa5 Rc8 33. R1a2 Nd8 34. Ra8 Rbc6 35. Rxc8 Rxc8 36. Kf1 Nc6 37. Nb3 Nd4 38. Nxd4 exd4 39. Rb2 b3 40. cxb3 Rc3 41. Ke2 b4 42. Ra2 h5 43. Ra8+ Kh7 44. Rd8 Rxb3 45. Rxd4 Rb2+ 46. Kf3 Kg8 47. Rd7 Kf8 48. h4 Rd2 49. g3 b3 50. Ke3 Rg2 51. Rb7 Rxg3+ 52. Kd4 Rg4 53. Rxb3 Rxh4 54. Kd5 Rh3 55. Ke6 Kg8 56. Rb8+ Kh7 57. d4 Re3 58. e5 h4 59. Rb2 h3 60. Kd6 fxe5 61. dxe5 Kh6 62. e6 Kg5 63. Rf2 Kf6 64. Kd7 Rd3+ 65. Ke8 Ra3 66. Kd7 Ra7+ 67. Kd6 Ra6+ 68. Kd5 Ra5+ 69. Ke4 Re5+ 70. Kd4 Rxf5 71. Rxf5+ Kxf5 72. e7 h2 73. e8=Q h1=Q 74. Qf7+ Kg4 75. Qxg7+ Kf4 76. Qe5+ Kg4 77. Qe6+ Kg3 78. Qg6+ Kh2 79. Qh5+ Kg1 80. Qd1+ Kh2 81. Qh5+ Kg1 82. Qg5+ Qg2 83. Qe3+ Qf2 84. Kd3 Kh1 85. Qxf2 1/2-1/2


[Site "https://www.chess.com"]

[Event "Titled Tuesday Blitz August 09 Late 2022"]
[White "Zhigalko, Sergei"]
[Black "Salem, A.R. Saleh"]
[WhiteFideId "13502956"]
[BlackFideId "9301348"]
[WhiteElo "2662"]
[BlackElo "2674"]
[Result "0-1"]
[Round "04"]
[TimeControl "180+1"]
[Date "2022.08.09"]
[WhiteClock "0:00:01"]
[BlackClock "0:00:21"]

1. e4 c6 2. d4 d5 3. e5 Bf5 4. Nf3 e6 5. Be2 c5 6. Be3 cxd4 7. Nxd4 Ne7 8. Nd2 Nbc6 9. N2f3 Bg4 10. O-O Bxf3 11. Nxf3 Qc7 12. Bf4 Rd8 13. Re1 Ng6 14. Bg3 Bc5 15. Bd3 Qb6 16. Rb1 a5 17. h4 Nge7 18. h5 h6 19. a3 Qa7 20. Nh4 O-O 21. Qg4 Kh8 22. Rbd1 Qb6 23. Rb1 Qa7 24. c3 a4 25. Bc2 Ra8 26. Rbd1 Qa6 27. Bd3 Qb6 28. Qe2 Kg8 29. Bb1 Rfd8 30. Qc2 Kf8 31. Kh2 Na5 32. Qh7 Nac6 33. Re2 d4 34. Qh8+ Ng8 35. Bh7 Ne7 36. cxd4 Bxd4 37. Rf1 Qb5 38. Ree1 Rac8 39. f4 Rc5 40. f5 Bxe5 41. Rxe5 Rxe5 42. fxe6 Rxe6 43. Bxg8 Nxg8 44. Ng6+ Rxg6 45. hxg6 f6 46. Qh7 Qxf1 0-1


[Site "https://www.chess.com"]

[Event "Titled Tuesday Blitz August 09 Late 2022"]
[White "Zhurbinsky, David"]
[Black "Holt, Conrad"]
[WhiteFideId "2072904"]
[BlackFideId "2034387"]
[WhiteElo "2568"]
[BlackElo "2586"]
[Result "0-1"]
[Round "04"]
[TimeControl "180+1"]
[Date "2022.08.09"]
[WhiteClock "0:00:33"]
[BlackClock "0:01:36"]

1. e4 e6 2. d4 d5 3. Nc3 Nf6 4. e5 Nfd7 5. f4 c5 6. Nf3 Nc6 7. Ne2 Qb6 8. c3 f6 9. g3 Be7 10. Qc2 a5 11. Bh3 cxd4 12. Nexd4 fxe5 13. Nxe6 e4 14. Nfg5 Bxg5 15. Nxg5 Nc5 16. Be3 Bxh3 17. Nxh3 d4 18. cxd4 Nd3+ 19. Ke2 Rc8 20. Qd2 Qb5 21. a4 Qh5+ 0-1


[Site "https://www.chess.com"]

[Event "Titled Tuesday Blitz August 09 Late 2022"]
[White "Altman, Joshua"]
[Black "Llorente Zaro, Alfonso"]
[WhiteFideId "426210"]
[BlackFideId "2254131"]
[WhiteElo "1945"]
[BlackElo "2485"]
[Result "1/2-1/2"]
[Round "05"]
[TimeControl "180+1"]
[Date "2022.08.09"]
[WhiteClock "0:00:17"]
[BlackClock "0:00:09"]

1. d4 Nf6 2. c4 e6 3. Nf3 Bb4+ 4. Nbd2 a5 5. g3 b6 6. Bg2 Ba6 7. Ne5 Ra7 8. O-O O-O 9. Qc2 d6 10. Nd3 Bxd2 11. Bxd2 c5 12. dxc5 bxc5 13. b3 Bb7 14. Bxb7 Rxb7 15. Bc3 Nc6 16. Rad1 Nd7 17. Nf4 Qb8 18. Nh5 e5 19. Qf5 g6 20. Nf6+ Kg7 21. Nxd7 gxf5 22. Nxb8 Rfxb8 23. Rxd6 Rc8 24. f4 Nd4 25. Bxd4 exd4 26. Ra6 Re8 27. Rf2 Re3 28. Rxa5 Rc7 29. Rb5 Rc3 30. a4 Kg6 31. Rf3 Rc2 32. Rf2 f6 33. a5 Rb2 34. Rb6 Re7 35. a6 Re3 36. Rb5 Rexb3 37. Ra5 Rb8 38. Rxc5 Ra2 39. Rc6 Rbb2 40. Rd6 Rd2 41. c5 Rdc2 42. c6 Rxa6 43. Rxd4 Raxc6 44. Kg2 Rb6 45. Rd3 Rbb2 46. Re3 Ra2 47. Kf3 Ra1 48. h4 h5 49. Re8 Rb2 50. Rg8+ Kh7 51. Re8 Kg6 52. Re7 Rc2 53. Re3 Rb2 54. Rd3 Rc2 55. Ke3 Raa2 56. Kf3 Ra1 57. Re3 Rb1 58. Re6 Ra1 59. Re3 1/2-1/2


[Site "https://www.chess.com"]

[Event "Titled Tuesday Blitz August 09 Late 2022"]
[White "Arnold, Ken"]
[Black "Matinian, Nikita"]
[WhiteFideId "2056836"]
[BlackFideId "24129100"]
[WhiteElo "2346"]
[BlackElo "2422"]
[Result "0-1"]
[Round "05"]
[TimeControl "180+1"]
[Date "2022.08.09"]
[WhiteClock "0:00:36"]
[BlackClock "0:02:02"]

1. d4 d6 2. c4 g6 3. Nc3 Bg7 4. e4 Nc6 5. Nf3 Bg4 6. Be3 e5 7. d5 Nd4 8. Be2 Nxe2 9. Qxe2 f5 10. h3 Bh5 11. exf5 gxf5 12. g4 fxg4 13. hxg4 Bxg4 14. Rg1 Qd7 15. O-O-O h5 16. Ne4 Nf6 17. Nxf6+ Bxf6 18. Rg3 Qa4 19. b3 Qa3+ 20. Qb2 Qxb2+ 21. Kxb2 Kd7 22. Rdg1 a5 23. Kc1 a4 24. b4 e4 25. Nh2 Be5 26. Nxg4 Bxg3 27. Nf6+ Ke7 28. Rxg3 Kxf6 29. Bd4+ Kf5 30. Bxh8 Rxh8 0-1


[Site "https://www.chess.com"]

[Event "Titled Tuesday Blitz August 09 Late 2022"]
[White "Barria Zuniga, Daniel"]
[Black "Lobanov, Sergei"]
[WhiteFideId "3400816"]
[BlackFideId "24183750"]
[WhiteElo "2414"]
[BlackElo "2524"]
[Result "0-1"]
[Round "05"]
[TimeControl "180+1"]
[Date "2022.08.09"]
[WhiteClock "0:00:03"]
[BlackClock "0:00:16"]

1. d4 Nf6 2. c4 e6 3. Nf3 d5 4. Nc3 Be7 5. Bg5 h6 6. Bxf6 Bxf6 7. Qc2 O-O 8. O-O-O a6 9. e4 c6 10. h4 b5 11. c5 b4 12. Na4 Nd7 13. g4 Be7 14. g5 hxg5 15. hxg5 Bxg5+ 16. Kb1 Bh6 17. e5 f5 18. Bd3 Kf7 19. Rdg1 Rh8 20. Bxf5 exf5 21. Qxf5+ Kg8 22. Qe6+ Kf8 23. Ng5 Qe7 24. Qxc6 Rb8 25. Ne6+ Kg8 26. Qxd5 Nb6 27. Nxb6 Bxe6 28. Qd6 Qxd6 29. exd6 Bf4 30. Rxh8+ Kxh8 31. d5 Bf5+ 32. Ka1 Bxd6 33. Rc1 Bxc5 34. Rxc5 Rxb6 35. b3 Rd6 36. Rc4 a5 37. Rc5 Be4 38. Rxa5 Rxd5 39. Ra4 Rd1+ 40. Kb2 Rb1# 0-1


[Site "https://www.chess.com"]

[Event "Titled Tuesday Blitz August 09 Late 2022"]
[White "Bjelobrk, Igor"]
[Black "Yanchenko, Roman"]
[WhiteFideId "4300726"]
[BlackFideId "4137329"]
[WhiteElo "2335"]
[BlackElo "2514"]
[Result "0-1"]
[Round "05"]
[TimeControl "180+1"]
[Date "2022.08.09"]
[WhiteClock "0:00:32"]
[BlackClock "0:02:12"]

1. Nf3 d5 2. d4 Nf6 3. e3 Bf5 4. c4 c6 5. Nc3 e6 6. Nh4 Be4 7. f3 Bg6 8. g3 Nbd7 9. Qb3 Qb6 10. Nxg6 hxg6 11. Bd2 Bd6 12. O-O-O Bxg3 13. Bd3 Bd6 14. Qc2 dxc4 15. Bxc4 Qc7 16. h3 a5 17. Kb1 a4 18. a3 b5 19. Bd3 b4 20. Nb5 cxb5 0-1


[Site "https://www.chess.com"]

[Event "Titled Tuesday Blitz August 09 Late 2022"]
[White "Claridge-Hansen, William"]
[Black "Kosteniuk, Alexandra"]
[WhiteFideId "422509"]
[BlackFideId "4128125"]
[WhiteElo "2261"]
[BlackElo "2469"]
[Result "0-1"]
[Round "05"]
[TimeControl "180+1"]
[Date "2022.08.09"]
[WhiteClock "0:00:01"]
[BlackClock "0:00:48"]

1. c4 e5 2. g3 Nf6 3. Bg2 d5 4. cxd5 Nxd5 5. Nf3 Nc6 6. O-O Nb6 7. b3 Be7 8. Bb2 f6 9. Nc3 O-O 10. Qc1 Bf5 11. d3 Qc8 12. Rd1 Rd8 13. Nh4 Bh3 14. Bxc6 bxc6 15. Nf3 a5 16. Ne4 Qe6 17. Ba3 Nd5 18. Bxe7 Nxe7 19. Qc4 Qd5 20. Nc3 Qf7 21. Qxf7+ Kxf7 22. Rdc1 h6 23. Na4 Rd5 24. Rc4 g5 25. Rac1 h5 26. Rc5 Bd7 27. Nd2 h4 28. Rxd5 Nxd5 29. Nc5 Be8 30. Nc4 h3 31. Ne4 a4 32. bxa4 Rxa4 33. Rc2 Nb4 34. Rb2 Rxa2 35. Rxa2 Nxa2 36. f3 Nb4 37. Kf2 Nd5 38. Ne3 Bd7 39. g4 Bc8 40. Nxd5 cxd5 41. Ng3 c5 42. Ke3 d4+ 43. Ke4 Bb7+ 44. Kf5 Bd5 45. Nh1 c4 46. dxc4 Bxc4 0-1


[Site "https://www.chess.com"]

[Event "Titled Tuesday Blitz August 09 Late 2022"]
[White "Demchenko, Anton"]
[Black "Clarke, Brandon G I"]
[WhiteFideId "4160258"]
[BlackFideId "400319"]
[WhiteElo "2539"]
[BlackElo "2414"]
[Result "0-1"]
[Round "05"]
[TimeControl "180+1"]
[Date "2022.08.09"]
[WhiteClock "0:00:01"]
[BlackClock "0:00:14"]

1. e4 e6 2. d4 d5 3. Nd2 Nc6 4. Ngf3 Nf6 5. e5 Nd7 6. Nb3 a5 7. Bb5 Na7 8. Bd3 a4 9. Nbd2 c5 10. c3 Qb6 11. Qxa4 Be7 12. O-O O-O 13. Re1 c4 14. Bb1 Rd8 15. Nf1 Nf8 16. Qd1 Qa5 17. a3 b5 18. Bd2 Nc6 19. Bc2 Ng6 20. Ng3 Bf8 21. Nh5 Bd7 22. g3 Be8 23. h4 Qa7 24. Nh2 Nce7 25. Rb1 Qd7 26. Ng4 Kh8 27. Qf3 Nf5 28. Bxf5 exf5 29. Ne3 Ne7 30. Nf4 Ra6 31. h5 g5 32. hxg6 fxg6 33. Nh3 h6 34. Nf4 g5 35. Nh5 Bg6 36. Nf6 Qe6 37. Qh1 Ng8 38. Ng2 f4 39. Nxg8 Kxg8 40. Rbc1 f3 41. Ne3 Be4 42. g4 Bg7 43. Qh5 Rf8 44. Kh2 Rf4 45. Rh1 Ra8 46. Kg1 Raf8 47. Qh3 Kh7 48. Kf1 Bd3+ 49. Ke1 Re4 50. Qg3 Rff4 51. Rg1 Qg6 52. Qh3 Qe6 53. Kd1 Be2+ 54. Ke1 Qa6 55. Ra1 Qa4 56. Bc1 Rxe3 57. Bxe3 Re4 58. Kd2 Qb3 59. Rgb1 Bd3 60. Qh5 Qc2+ 61. Ke1 Qe2# 0-1


[Site "https://www.chess.com"]

[Event "Titled Tuesday Blitz August 09 Late 2022"]
[White "Djordjevic, Vuk"]
[Black "Yurovskykh, Oleksandr"]
[WhiteFideId "902098"]
[BlackFideId "14134020"]
[WhiteElo "2456"]
[BlackElo "2292"]
[Result "1-0"]
[Round "05"]
[TimeControl "180+1"]
[Date "2022.08.09"]
[WhiteClock "0:01:32"]
[BlackClock "0:00:42"]

1. d4 Nf6 2. Bg5 Ne4 3. Bf4 d5 4. e3 c5 5. Bd3 Nf6 6. c3 Nc6 7. Nd2 Bg4 8. Ngf3 e6 9. O-O Bd6 10. Bg5 cxd4 11. exd4 Qc7 12. Qc2 Bf4 13. Bxf6 gxf6 14. g3 Bxf3 15. Nxf3 Bd6 16. b4 O-O-O 17. a4 f5 18. a5 Kb8 19. Qa4 Ne7 20. Rfc1 Qd7 21. Bb5 Nc6 22. a6 Rc8 23. axb7 Qxb7 24. Ba6 Qb6 25. Bxc8 Rxc8 26. c4 dxc4 27. Rxc4 Ne7 28. Rxc8+ Nxc8 29. Ne5 Bxe5 30. dxe5 Qd4 31. Qb5+ Nb6 32. Qe8+ Nc8 33. Rc1 1-0


[Site "https://www.chess.com"]

[Event "Titled Tuesday Blitz August 09 Late 2022"]
[White "Ekdyshman, Mikhail"]
[Black "Riehle, Marco"]
[WhiteFideId "4149416"]
[BlackFideId "12904392"]
[WhiteElo "2146"]
[BlackElo "2462"]
[Result "1-0"]
[Round "05"]
[TimeControl "180+1"]
[Date "2022.08.09"]
[WhiteClock "0:00:13"]
[BlackClock "0:01:00"]

1. e4 e5 2. Nf3 Nf6 3. Nc3 Nc6 4. d4 exd4 5. Nxd4 Bb4 6. Nxc6 bxc6 7. Bd3 d5 8. exd5 O-O 9. O-O cxd5 10. h3 c6 11. Qf3 Re8 12. Bg5 Rb8 13. Ne2 Bd6 14. b3 h6 15. Bh4 Rb4 16. Bxf6 Qxf6 17. Qxf6 gxf6 18. Rfe1 c5 19. Nc3 Rxe1+ 20. Rxe1 Be6 21. Nb5 Bb8 22. a3 Rh4 23. g3 Rxh3 24. Kg2 Rh5 25. f4 d4 26. Bc4 Bxc4 27. bxc4 Kf8 28. g4 Rg5 29. fxg5 fxg5 30. Kf3 a6 31. a4 f5 32. gxf5 h5 33. Re6 g4+ 34. Kg2 h4 35. Nd6 Kg7 36. Rg6+ Kf8 37. Rxg4 Bxd6 38. Rxh4 Kg7 39. Kf3 a5 40. Ke4 Kf6 41. Rg4 Kf7 42. Rg6 Bh2 43. Rc6 Ke7 44. Rxc5 Kd6 45. Rd5+ Kc6 46. Rxa5 Kb6 47. Rb5+ Kc6 48. Kxd4 Kd6 49. Rb6+ Ke7 50. c5 Kf7 51. f6 Kg6 52. Kd5 Kf5 53. f7 Kg4 54. f8=Q Bg3 55. Rg6+ Kh3 56. Rxg3+ Kh2 57. c6 1-0


[Site "https://www.chess.com"]

[Event "Titled Tuesday Blitz August 09 Late 2022"]
[White "Esipenko, Andrey"]
[Black "Pakleza, Zbigniew"]
[WhiteFideId "24175439"]
[BlackFideId "1119290"]
[WhiteElo "2619"]
[BlackElo "2411"]
[Result "0-1"]
[Round "05"]
[TimeControl "180+1"]
[Date "2022.08.09"]
[WhiteClock "0:00:02"]
[BlackClock "0:00:01"]

1. e4 d6 2. d4 Nf6 3. Nc3 c6 4. f4 Qb6 5. e5 Nd5 6. Nxd5 cxd5 7. Bd3 Nc6 8. c3 g6 9. Qe2 e6 10. Nf3 Bd7 11. O-O Be7 12. Be3 a6 13. Kh1 Na5 14. b3 Rc8 15. c4 dxc4 16. bxc4 d5 17. Rab1 Qc7 18. cxd5 exd5 19. f5 Bxf5 20. Bxf5 gxf5 21. Ng5 Nc4 22. Bf4 Qc6 23. e6 fxe6 24. Nxe6 Kd7 25. Nc5+ Bxc5 26. dxc5 Rce8 27. Qh5 Kc8 28. Qxf5+ Qe6 29. Qh5 Rhf8 30. Bg3 Nd2 31. Qxh7 Rxf1+ 32. Rxf1 Re7 33. Qh8+ Re8 34. Rf8 Rxf8 35. Qxf8+ Kd7 36. Qg7+ Kc6 37. Qc7+ Kb5 38. Qxb7+ Kxc5 39. Bf2+ d4 40. Qa7+ Kb5 41. Qxd4 Qxa2 42. h4 Nc4 0-1


[Site "https://www.chess.com"]

[Event "Titled Tuesday Blitz August 09 Late 2022"]
[White "Goltsev, Dmitry"]
[Black "Babazada, Khazar"]
[WhiteFideId "24176710"]
[BlackFideId "13413554"]
[WhiteElo "2258"]
[BlackElo "2409"]
[Result "1-0"]
[Round "05"]
[TimeControl "180+1"]
[Date "2022.08.09"]
[WhiteClock "0:00:10"]
[BlackClock "0:00:03"]

1. e4 Nf6 2. e5 Nd5 3. d4 d6 4. Nf3 Nb6 5. c4 g6 6. exd6 cxd6 7. Nc3 Bg7 8. h3 O-O 9. Be2 Bf5 10. O-O Nc6 11. a3 d5 12. c5 Nc8 13. b4 a6 14. Bf4 e6 15. b5 axb5 16. Nxb5 Be4 17. Ng5 h6 18. Nxe4 dxe4 19. Be3 N8e7 20. Nd6 Nd5 21. Nxb7 Qh4 22. g3 Nxe3 23. gxh4 Nxd1 24. Rfxd1 Nxd4 25. Ra2 Rfc8 26. Nd6 Rxc5 27. Nxe4 Rd5 28. Kf1 Nxe2 29. Kxe2 Re5 30. Kf3 Ra4 31. Rd8+ Kh7 32. Nd6 Rd5 33. Nb7 Rf5+ 34. Kg2 Ra7 35. Nd6 Rd5 36. a4 Bf6 37. Nc8 Rxa4 38. Rxd5 Rxa2 39. Rd7 Kg8 40. Nd6 Bxh4 41. Rxf7 Rd2 42. Nc4 Kxf7 43. Nxd2 Be7 44. Ne4 e5 45. Kf3 Ke6 46. Kg4 Kd5 47. Kf3 Kd4 48. Ng3 Kd3 49. Ne4 h5 50. Ng3 Bh4 51. Ne4 Kd4 52. Nd6 Be7 53. Ne4 Kd5 54. Nc3+ Ke6 55. Ne4 Kf5 56. Ng3+ Kg5 57. Ne4+ Kh4 58. Kg2 Bd8 59. Kh2 Bg5 60. Kg2 Bf4 61. f3 Be3 62. Kh2 Bf4+ 63. Kg2 Be3 64. Kh2 Bd4 65. Kg2 Bb6 66. Kh2 Bd8 67. Kg2 Be7 68. Kh2 g5 69. Ng3 g4 70. Nf5+ Kg5 71. Nxe7 gxf3 72. Kg3 e4 73. Nd5 h4+ 74. Kf2 Kf5 75. Ke3 f2 76. Kxf2 Ke5 77. Ne3 Kf4 78. Ng2+ Kg5 79. Ke3 Kh5 80. Kxe4 1-0


[Site "https://www.chess.com"]

[Event "Titled Tuesday Blitz August 09 Late 2022"]
[White "Hakobyan, Aram"]
[Black "Iliaguev, Nisim"]
[WhiteFideId "13306677"]
[BlackFideId "2817276"]
[WhiteElo "2557"]
[BlackElo "2107"]
[Result "1-0"]
[Round "05"]
[TimeControl "180+1"]
[Date "2022.08.09"]
[WhiteClock "0:00:45"]
[BlackClock "0:00:08"]

1. d4 Nf6 2. Nf3 e6 3. c3 c5 4. Bf4 cxd4 5. cxd4 Nc6 6. Nc3 Bb4 7. Rc1 O-O 8. e3 d5 9. Bd3 Ne4 10. O-O f5 11. Ne5 Nxe5 12. Bxe5 a6 13. Nxe4 fxe4 14. Rc7 Rf7 15. Rxf7 Kxf7 16. Qh5+ Kg8 17. Be2 Bd7 18. f3 exf3 19. Bd3 h6 20. Rxf3 Be8 21. Qg4 Qe7 22. Rg3 g5 23. h4 Be1 24. hxg5 h5 25. Qf4 Bxg3 26. Qxg3 Rc8 27. g6 Rc1+ 28. Kh2 Rd1 29. Be2 Rd2 30. Bxh5 Rxb2 31. Qh3 Rb6 32. Bg4 Bxg6 33. Qh8+ Kf7 34. Qg7+ Ke8 35. Qxg6+ Qf7 36. Qh6 Rc6 37. Bh5 1-0


[Site "https://www.chess.com"]

[Event "Titled Tuesday Blitz August 09 Late 2022"]
[White "Hambleton, Aman"]
[Black "Fishbein, Alexander"]
[WhiteFideId "2606577"]
[BlackFideId "2000377"]
[WhiteElo "2538"]
[BlackElo "2410"]
[Result "1-0"]
[Round "05"]
[TimeControl "180+1"]
[Date "2022.08.09"]
[WhiteClock "0:00:04"]
[BlackClock "0:00:01"]

1. d4 Nf6 2. Bf4 Nc6 3. e3 d6 4. h3 g6 5. Nf3 Bg7 6. Be2 O-O 7. O-O e5 8. Bh2 exd4 9. exd4 Re8 10. c3 Bf5 11. Nbd2 Ne4 12. Nc4 Qf6 13. Ne3 Bd7 14. Nd5 Qd8 15. Bd3 Nf6 16. Ne3 Bh6 17. Re1 Bxe3 18. fxe3 Ne4 19. Qc2 f5 20. Nd2 Nxd2 21. Qxd2 Qf6 22. e4 Re7 23. exf5 Bxf5 24. Rf1 Nxd4 25. Bc4+ Ne6 26. g4 Kh8 27. Bxe6 Rxe6 28. gxf5 gxf5 29. Qd4 Rg8+ 30. Kf2 Qxd4+ 31. cxd4 Re4 32. Rad1 Rh4 33. Rd3 Re8 34. Rc1 Re7 35. d5 Rhe4 36. Rc2 Kg8 37. Rf3 Rd4 38. Rxf5 Kg7 39. Rf4 Rxd5 40. Rfc4 c5 41. b4 Rf5+ 42. Kg2 Rg5+ 43. Rg4 Rxg4+ 44. hxg4 Re4 45. bxc5 dxc5 46. Kf3 1-0


[Site "https://www.chess.com"]

[Event "Titled Tuesday Blitz August 09 Late 2022"]
[White "Harvey, Marcus R"]
[Black "Rasulov, Vugar"]
[WhiteFideId "400092"]
[BlackFideId "13402390"]
[WhiteElo "2485"]
[BlackElo "2509"]
[Result "1-0"]
[Round "05"]
[TimeControl "180+1"]
[Date "2022.08.09"]
[WhiteClock "0:00:07"]
[BlackClock "0:00:03"]

1. d4 Nf6 2. Nf3 d5 3. c4 c6 4. cxd5 cxd5 5. Bf4 Nc6 6. e3 a6 7. Bd3 Bg4 8. Nc3 e6 9. h3 Bh5 10. Qb3 Bxf3 11. gxf3 Na5 12. Qa4+ Nc6 13. Qb3 Na5 14. Qa4+ Nd7 15. Rc1 b5 16. Nxb5 axb5 17. Bxb5 Nc4 18. Bxd7+ Ke7 19. Qc6 Qa5+ 20. Rc3 Ra6 21. Qc8 Ra8 22. Qc6 Qa6 23. Rxc4 dxc4 24. Bd6+ Kf6 25. Be5+ Kg6 26. Rg1+ Kh5 27. Qe4 f5 28. Qf4 Be7 29. Rxg7 Rag8 30. Qg3 c3 31. bxc3 Qxa2 32. Kf1 Qb1+ 33. Kg2 Qb7 34. Rxg8 Rxg8 35. Qxg8 Qxd7 36. Qf7+ Kh6 37. Bg7+ Kg5 38. f4+ Kh4 39. Bf6+ Bxf6 40. Qxf6+ Kh5 41. Qg5# 1-0


[Site "https://www.chess.com"]

[Event "Titled Tuesday Blitz August 09 Late 2022"]
[White "Holt, Conrad"]
[Black "Hafiz, Arif Abdul"]
[WhiteFideId "2034387"]
[BlackFideId "7104227"]
[WhiteElo "2586"]
[BlackElo "2198"]
[Result "1-0"]
[Round "05"]
[TimeControl "180+1"]
[Date "2022.08.09"]
[WhiteClock "0:00:14"]
[BlackClock "0:00:11"]

1. d4 Nf6 2. c4 c6 3. Nc3 d5 4. e3 e6 5. Bd3 Nbd7 6. e4 dxe4 7. Nxe4 c5 8. Nf3 cxd4 9. O-O Nc5 10. Nxc5 Bxc5 11. b4 Be7 12. Bb2 O-O 13. a3 a5 14. b5 b6 15. Nxd4 Bb7 16. Qe2 Qc7 17. Rfe1 Rad8 18. Rad1 Bd6 19. h3 Rfe8 20. Bb1 Bf8 21. Nf3 Rc8 22. Ng5 Qxc4 23. Bd3 Qf4 24. Bxf6 gxf6 25. Qh5 1-0


[Site "https://www.chess.com"]

[Event "Titled Tuesday Blitz August 09 Late 2022"]
[White "Izoria, Zviad"]
[Black "Pinheiro, Iung Alicio de O."]
[WhiteFideId "13601733"]
[BlackFideId "2104350"]
[WhiteElo "2626"]
[BlackElo "2283"]
[Result "1-0"]
[Round "05"]
[TimeControl "180+1"]
[Date "2022.08.09"]
[WhiteClock "0:00:10"]
[BlackClock "0:00:08"]

1. Nf3 d5 2. d4 b6 3. c4 e6 4. cxd5 exd5 5. Nc3 c6 6. e4 dxe4 7. Nxe4 Be7 8. Bc4 Nf6 9. Neg5 O-O 10. Qc2 h6 11. h4 Ba6 12. Bb3 c5 13. Ne5 c4 14. Bxc4 Bxc4 15. Qxc4 Qd5 16. Qxd5 Nxd5 17. Ngf3 Nc6 18. Nxc6 Bf6 19. Bd2 Rfe8+ 20. Nce5 Rac8 21. Kd1 Be7 22. Rc1 f6 23. Rxc8 Rxc8 24. Nd3 Bd6 25. g3 Kf7 26. Re1 g5 27. hxg5 hxg5 28. Rh1 Kg6 29. Nfe1 a5 30. Nc2 Nc7 31. f4 Ne6 32. fxg5 fxg5 33. Be3 Rd8 34. g4 Be7 35. Ke2 Bf6 36. Ne5+ Kg7 37. Rf1 Rc8 38. Ne1 Nc7 39. Rf5 Nd5 40. Bxg5 Rh8 41. Bxf6+ Nxf6 42. g5 Nd5 43. Rf7+ Kg8 44. N1f3 Rh3 45. Rb7 Nf4+ 46. Kf2 Ne6 47. Ng4 Nf4 48. Nf6+ Kf8 49. Ne5 a4 50. Rf7# 1-0


[Site "https://www.chess.com"]

[Event "Titled Tuesday Blitz August 09 Late 2022"]
[White "Leiva, Gianmarco"]
[Black "Dounis, Alexandros"]
[WhiteFideId "3804399"]
[BlackFideId "4213238"]
[WhiteElo "2323"]
[BlackElo "2204"]
[Result "0-1"]
[Round "05"]
[TimeControl "180+1"]
[Date "2022.08.09"]
[WhiteClock "0:00:19"]
[BlackClock "0:00:33"]

1. e4 e5 2. Nf3 Nc6 3. Bc4 Bc5 4. O-O d6 5. d3 Nf6 6. c3 a6 7. Re1 h6 8. Bb3 O-O 9. h3 Ba7 10. Nbd2 Ne7 11. Nf1 Ng6 12. Ng3 Re8 13. d4 Be6 14. Bc2 c6 15. Be3 Qc7 16. Qd2 Rad8 17. Rac1 Bb8 18. Rcd1 d5 19. exd5 Bxd5 20. Bxg6 Bxf3 21. Bxf7+ Qxf7 22. gxf3 Nd5 23. dxe5 Bxe5 24. c4 Nxe3 25. Qxd8 Rxd8 26. Rxd8+ Kh7 27. Rxe3 Bxb2 28. Rb3 Be5 29. Kg2 h5 30. h4 Qe7 31. Rd2 Qxh4 32. Rxb7 Bxg3 33. fxg3 Qxc4 34. a3 Qc3 35. Rdd7 a5 36. Rxg7+ Qxg7 37. Rxg7+ Kxg7 38. Kf2 Kf6 39. Ke3 Ke5 40. Kd3 Kd5 41. Kc3 Kc5 42. Kb3 Kd4 43. Ka4 c5 44. Kxa5 c4 45. Kb6 c3 46. a4 c2 47. a5 c1=Q 48. a6 0-1


[Site "https://www.chess.com"]

[Event "Titled Tuesday Blitz August 09 Late 2022"]
[White "Livaic, Leon"]
[Black "Andreikin, Dmitry"]
[WhiteFideId "14531534"]
[BlackFideId "4158814"]
[WhiteElo "2540"]
[BlackElo "2736"]
[Result "0-1"]
[Round "05"]
[TimeControl "180+1"]
[Date "2022.08.09"]
[WhiteClock "0:00:04"]
[BlackClock "0:00:39"]

1. d4 Nf6 2. c4 e6 3. Nf3 a6 4. Nc3 d5 5. cxd5 exd5 6. Bg5 Be6 7. Bxf6 Qxf6 8. Qb3 Ra7 9. g3 Qd8 10. h4 Be7 11. Bh3 Bxh3 12. Rxh3 c6 13. O-O-O a5 14. Qc2 a4 15. Kb1 a3 16. b3 Na6 17. e3 Nb4 18. Qe2 Qd7 19. Rhh1 O-O 20. Ne5 Qf5+ 21. Nd3 Re8 22. g4 Qe6 23. Nxb4 Bxb4 24. Na4 Qe4+ 25. Kc1 b5 26. Nc5 Bxc5 27. dxc5 Qb4 28. Qc2 Qxg4 29. h5 h6 30. Rdg1 Qe4 31. Qc3 Qe5 32. Kc2 Qf5+ 33. Kc1 Qe5 34. Kc2 Qxc3+ 35. Kxc3 Re4 36. Rg3 Kf8 37. Rhg1 f6 38. Rg4 b4+ 39. Kd3 Rae7 40. Rxe4 Rxe4 41. f4 Kf7 42. Rg4 f5 43. Rg6 Re6 44. Rg1 g6 45. Ke2 d4 46. hxg6+ Rxg6 47. Rxg6 Kxg6 48. exd4 Kf6 49. d5 cxd5 50. Kd3 Ke6 51. Kd4 h5 52. c6 Kd6 53. c7 Kxc7 54. Kxd5 h4 0-1


[Site "https://www.chess.com"]

[Event "Titled Tuesday Blitz August 09 Late 2022"]
[White "Mcconnell, Sullivan"]
[Black "Csonka, Balazs"]
[WhiteFideId "30934885"]
[BlackFideId "742910"]
[WhiteElo "2618"]
[BlackElo "2404"]
[Result "0-1"]
[Round "05"]
[TimeControl "180+1"]
[Date "2022.08.09"]
[WhiteClock "0:01:34"]
[BlackClock "0:00:24"]

1. e4 e5 2. Nf3 Nc6 3. d4 exd4 4. Nxd4 Bb4+ 5. Nc3 Nf6 6. Nxc6 bxc6 7. Bd3 O-O 8. O-O Re8 9. Bg5 h6 10. Bh4 Bxc3 11. bxc3 g5 12. Bg3 Nxe4 13. Bxe4 Rxe4 14. Qd3 d5 15. f3 Re8 16. Rfe1 Re6 17. Qd4 Bd7 18. Rab1 a5 19. Rxe6 Bxe6 20. Rb7 Rc8 21. Qc5 a4 22. a3 Qf8 23. Qxf8+ Kxf8 24. Bxc7 Bf5 25. Bd6+ Kg8 26. Ra7 Bxc2 27. Kf2 Bb3 28. Ke3 c5 29. Ra5 Re8+ 30. Kf2 d4 31. Rxc5 d3 0-1


[Site "https://www.chess.com"]

[Event "Titled Tuesday Blitz August 09 Late 2022"]
[White "Muradli, Mahammad"]
[Black "Bortnyk, Olexandr"]
[WhiteFideId "13409301"]
[BlackFideId "14120828"]
[WhiteElo "2611"]
[BlackElo "2723"]
[Result "0-1"]
[Round "05"]
[TimeControl "180+1"]
[Date "2022.08.09"]
[WhiteClock "0:00:03"]
[BlackClock "0:00:03"]

1. Nf3 d6 2. c4 Nf6 3. Nc3 Bf5 4. g3 g6 5. Bg2 Qc8 6. Qb3 Nc6 7. d4 Bg7 8. d5 Nd8 9. O-O Bh3 10. e4 Bxg2 11. Kxg2 O-O 12. Re1 Nd7 13. Bg5 e6 14. Rad1 a5 15. Qc2 Nc5 16. e5 Re8 17. exd6 cxd6 18. Nb5 Bf8 19. dxe6 Ndxe6 20. Be3 Qc6 21. Rd5 Nd7 22. Nfd4 Nxd4 23. Nxd4 Qa6 24. Rd1 Rac8 25. Nb5 Nf6 26. Rxd6 Bxd6 27. Nxd6 Qc6+ 28. Kg1 Rxe3 29. Nxc8 Re6 30. Na7 Qf3 31. Qb3 Qf5 32. Qxb7 Re2 33. Qc8+ Qxc8 34. Nxc8 Rxb2 35. c5 Rxa2 36. Rc1 Nd5 37. c6 Nc7 38. Rb1 Rc2 39. Rb7 Nd5 40. Rd7 Rc1+ 41. Kg2 Rxc6 42. Nd6 Nb6 43. Rd8+ Kg7 44. Ne8+ Kh6 45. h4 f5 46. Rb8 Nd7 47. Rb7 Nf6 48. Nc7 f4 49. Nb5 fxg3 50. fxg3 Rc2+ 51. Kh3 Rb2 52. Rf7 Rxb5 53. Rxf6 Rb3 54. Ra6 Ra3 55. Kg4 Ra4+ 56. Kh3 Ra1 57. Ra7 Ra2 58. Kg4 Ra4+ 59. Kh3 Ra3 60. Kg4 Ra1 61. Kf4 Ra4+ 62. Kf3 g5 63. Ra6+ Kh5 64. hxg5 Kxg5 65. Ra7 h6 66. Ra8 Ra3+ 67. Kg2 Ra1 68. Rg8+ Kf6 69. Ra8 a4 70. Ra6+ Kg5 71. Ra5+ Kg4 72. Ra6 Ra2+ 73. Kf1 h5 74. Ra5 a3 75. Ra4+ Kxg3 76. Ra5 Ra1+ 77. Ke2 a2 78. Ra3+ Kf4 79. Ra4+ Ke5 0-1


[Site "https://www.chess.com"]